 Dungeon Crawl Stone Soup version 0.31.0-1-g2c135a008e (webtiles) character file.

Game seed: 4147972776576263511

14 qw the Shooter (level 2, -2/23 HPs)
             Began as a Djinni Hunter on Jan 23, 2024.
             Slain by Sigmund
             ... wielding a +0 scythe
              (8 damage)
             ... on level 2 of the Dungeon.
             The game lasted 00:00:02 (1079 turns).

qw the Shooter (Djinni Hunter)                      Turns: 1079, Time: 00:00:02

Health: -2/23      AC:  3    Str: 10    XL:     2   Next: 60%
Gold:   71         EV: 12    Int: 10    God:
                   SH:  0    Dex: 16

rFire   + + .        a - +0 shortbow
rCold   x . .        (shield currently unavailable)
rNeg    . . .        c - +0 leather armour
rPois   inf          (no helmet)
rElec   .            (no cloak)
rCorr   .            (no gloves)
SInv    .            (boots unavailable)
Will    .....        (no amulet)
Stlth   +            (no ring)
HPRegen 0.23/turn    (no ring)
MPRegen 0.00/turn

%: infuse magic (-3 HP)
@: flying
A: sickness immunity, fire resistance 2, cold vulnerability 1, float, innate
caster, HP casting, extra vitality 1
a: no special abilities


You were on level 2 of the Dungeon.
You visited 1 branch of the dungeon, and saw 2 of its levels.

You collected 71 gold pieces.


Innate Abilities, Weirdness & Mutations

You are immune to sickness and miasma.
You are immune to poison.
Your flesh is very heat resistant. (rF++)
You are vulnerable to cold. (rC-)
You float through the air rather than walking.
You learn spells naturally, not from books.
Your magical power is your life essence.
You have superior vitality. (+4 MHP)


   Skills:
 - Level 2.0 Fighting
 + Level 3.8 Ranged Weapons
 - Level 2.1 Dodging
 - Level 0.7 Stealth You didn't know any spells. Your spell library was empty.

Inventory:

Hand Weapons
 a - a +0 shortbow (weapon)
Armour
 b - the +1 pair of gloves of Kesawna {Str+2 Slay+3}
   (You found it on level 2 of the Dungeon)

   Str+2:     It affects your strength (+2).
   Slay+3:    It affects your accuracy & damage with ranged weapons and melee
   (+3).
 c - a +0 leather armour (worn)
Scrolls
 f - a scroll of identify {unknown}

Dungeon Overview and Level Annotations

Branches:
Dungeon (2/15)

Altars:

Annotations:
D:2 1 runed translucent door, Crazy Yiuf, Sigmund


Message History

A rat comes into view.
Found a stone staircase leading up.
Enter note:
Enter note: You shoot an arrow.
The arrow hits the rat!
You kill the rat!
You now have 71 gold pieces (gained 11).
Found 7 stones.
Enter note:
Enter note:
Enter note:
There is a stone staircase leading up here.
Found a hammer.
Crazy Yiuf shouts!
There is a stone staircase leading down here.
Sigmund the Dreaded comes into view.
He is wielding a +0 scythe.
Sigmund gestures at you while chanting.
You are confused.
1070 ||| DRINKING yellow potion.
It was a potion of magic.
Magic washes over you without effect.
1071 ||| DRINKING inky potion.
It was a potion of heal wounds.
You feel much better.
Sigmund points at you and mumbles some strange words.
The magic dart hits you.
You feel less confused.
You shoot an arrow. The arrow closely misses Sigmund.
Sigmund hits you from afar with a +0 scythe.
You shoot an arrow. The arrow hits Sigmund.
Sigmund is lightly wounded.
Sigmund mumbles some strange words.
Sigmund flickers and vanishes!
Deactivating autopickup; reactivate with Ctrl-A.
You shoot an arrow.
A magic dart appears from out of thin air!
The magic dart hits you. Something hits you but does no damage.
You shoot an arrow. You shoot an arrow.
A magic dart appears from out of thin air!
The magic dart hits you! Something hits you!
You die...

#.##.##.# #.##.##.######
#.##..........
#.#####.#####.
#####....##.# #.
#...........# ##
#.###....#.## #. #.#
#.#.##.# #. #@# #.#.##.#
#. ........# #......# #.
#....{..# ###.#### #.
#........ #.# #######.
#.......## #.###.......
#.......##.##.##........
#.......##....##..).....
#...............)######.
...##.####### #.


There were no monsters in sight!

Vanquished Creatures
  A bat (D:1)
  3 goblins
  A hobgoblin (D:1)
  A quokka (D:1)
  2 ball pythons (D:1)
  2 frilled lizards
  A kobold (D:1)
  4 rats
15 creatures vanquished.

Notes
Turn   | Place    | Note
-------+----------+-------------------------------------------
     0 | D:1      | qw the Djinni Hunter began the quest for the Orb.
     0 | D:1      | Reached XP level 1. HP: 18/18 MP: 0/0
     0 | D:1      | 0 ||| qw: Version: 0.3-a-136-gdd3b4e8
     0 | D:1      | 0 ||| qw: Game counter: 989
     0 | D:1      | 0 ||| qw: Melee chars always use a shield: true
     0 | D:1      | 0 ||| qw: God list: Okawaru
     0 | D:1      | 0 ||| qw: Allow faded altars: false
     0 | D:1      | 0 ||| qw: Do Orc after clearing Dungeon:15 true
     0 | D:1      | 0 ||| qw: Do second Lair branch before Depths: true
     0 | D:1      | 0 ||| qw: Lair rune preference: random
     0 | D:1      | 0 ||| qw: Goals: Normal
     0 | D:1      | 0 ||| PLANNING D:1-11
   196 | D:1      | Reached XP level 2. HP: 23/23 MP: 0/0
   608 | D:1      | 608 ||| READING scroll labelled YZINNOZEUSH.
   709 | D:1      | 709 ||| READING scroll labelled ESSIENNUMYCH.
   710 | D:1      | 710 ||| READING scroll labelled DOKKOO HEYSKIABRA.
   715 | D:1      | 715 ||| DROPPING scroll of butterflies.
   755 | D:2      | Identified the +1 pair of gloves of Kesawna {Str+2 Slay+3}
   995 | D:2      | Found a runed translucent door.
   996 | D:2      | Noticed Crazy Yiuf
  1069 | D:2      | Noticed Sigmund
  1070 | D:2      | 1070 ||| DRINKING yellow potion.
  1071 | D:2      | 1071 ||| DRINKING inky potion.
  1079 | D:2      | Slain by Sigmund

Levels and vault maps discovered:
D:1:      dpeg_arrival_court, layout_loops_cross
D:2:      layout_loops_cross, uniq_terence, uniq_sigmund,
          uniq_crazy_yiuf_cottage

Action                     || total
---------------------------++-------
   Fire: Shortbow          ||    30
    Use: Scroll            ||     3
         Potion            ||     2
 Armour: Leather armour    ||     6
  Dodge: Dodged            ||     2

Table legend:
 A = Non-vault XP
 B = Vault XP
 C = Vault XP percentage of total XP
 D = Non-vault monster count
 E = Vault monster count
 F = Vault count percentage of total count
                 A         B        C        D         E       F
            +---------+---------+-------+---------+---------+-------
      Total |      21 |       0 |   0.0 |      15 |       0 |   0.0
            +---------+---------+-------+---------+---------+-------
        D:1 |      17 |       0 |   0.0 |      12 |       0 |   0.0
        D:2 |       4 |       0 |   0.0 |       3 |       0 |   0.0
            +---------+---------+-------+---------+---------+-------
